[Event "*** Titled Tuesday Blitz"]
[Site "Chess.com"]
[Date "2019.07.02"]
[Round "10"]
[White "VladDobrov"]
[Black "Tjktiger"]
[Result "1-0"]
[WhiteElo "2869"]
[BlackElo "2865"]
[TimeControl "180+2"]
[EndTime "15:16:13 PDT"]
[Termination "VladDobrov won by resignation"]

1. d4 d6 2. Nf3 g6 3. g3 Bg7 4. Bg2 Nf6 5. O-O O-O 6. c4 Ne4 7. Qc2 f5 8. Nc3 Nxc3 9. Qxc3 Nc6 10. Rd1 e5 11. dxe5 Qe8 12. c5 dxe5 13. e4 fxe4 14. Ng5 Nd4 15. Re1 Bg4 16. Qc4+ Kh8 17. Rxe4 Qd7 18.
Be3 Be2 19. Qc3 Bb5 20. Bxd4 exd4 21. Qb3 Ba4 22. Qc4 Bb5 23. Qb3 Ba4 24. Qb4 Bc6 25. Rh4 Bxg2 26. Nxh7 Kg8 27. Nxf8 Rxf8 28. Kxg2 Qd5+ 29. Kg1 d3 30. Qc4 Qxc4 31. Rxc4 Bxb2 32. Rd1 Rd8 33. Rd2 Bf6 34. f4 Kf7 35. Kf2 Bd4+ 36.
Kf3 b5 37. cxb6 Bxb6 38. Rc3 Re8 39. Rcxd3 Kf6 40. h4 Re6 41. g4 Re1 42. g5+ Kf7 43. Re2 Rf1+ 44. Kg4 Rg1+ 45. Rg3 Rf1 46. Rf3 Rg1+ 47. Kh3 Rh1+ 48. Rh2 Re1 49. f5 gxf5 50. Rxf5+ Kg6 51. Rf3 Kh5 52. Rf6 Re3+ 53. Kg2 Kg4 54. Kf1 Rc3 55. Rg2+ Kh3 56. Rd2 Kxh4 57. g6 Rc1+ 58.
Kg2 Rg1+ 59. Kh2 Kh5 60. Rxb6 1-0

[Event "*** Titled Tuesday Blitz"]
[Site "Chess.com"]
[Date "2019.07.02"]
[Round "10"]
[White "Sajkochess"]
[Black "tteshan"]
[Result "1-0"]
[WhiteElo "2246"]
[BlackElo "2192"]
[TimeControl "180+2"]
[EndTime "15:16:16 PDT"]
[Termination "Sajkochess won by resignation"]

1. d4 Nf6 2. Nf3 e6 3. e3 b6 4. Bd3 Bb7 5. O-O d6 6. c4 Be7 7.
Nc3 O-O 8. d5 e5 9. Nd2 Nbd7 10.
f4 Nc5 11. Bc2 exf4 12. exf4 Qd7 13. b4 Na6 14. a3 Rae8 15. h3 c6 16. Ba4 Nb8 17. Bb2 a6 18. dxc6 Bxc6 19. Bxc6 Nxc6 20. Nd5 Nxd5 21. cxd5 Nd8 22. Ne4 Qf5 23. Qd4 f6 24. g4 Qg6 25. f5 Qh6 26. Kg2 Nf7 27. Bc1 Qh4 28. Bf4 Ne5 29. Bxe5 fxe5 30. Qxb6 h5 31. Qf2 hxg4 32. Qxh4 Bxh4 33. hxg4 Be7 34.
Rac1 Rc8 35. Kf3 Kf7 36. Ke3 Rh8 37. Rxc8 Rxc8 38. Kd3 Rh8 39. Rf3 Rh1 40. g5 Ra1 41. Kc4 Rc1+ 42. Kd3 Ra1 43. Kd2 Ra2+ 44. Ke1 Ra1+ 45.
Kf2 Ra2+ 46. Kg3 Re2 47. g6+ Ke8 48. Nc3 Re1 49. Kf2 Ra1 50. Ne4 Ra2+ 51. Kg3 Re2 52. f6 Bxf6 53. Nxf6+ gxf6 54. Rxf6 Re3+ 55. Kg4 Re1 56.
Kf5 Rf1+ 57. Ke6 Rxf6+ 58. Kxf6 Kf8 59. Kf5 Kg7 60. a4 e4 61. Kxe4 Kxg6 62. b5 axb5 63. axb5 Kf6 64. b6 1-0

[Event "*** Titled Tuesday Blitz"]
[Site "Chess.com"]
[Date "2019.07.02"]
[Round "10"]
[White "WilliamSchill"]
[Black "Vadim_Biliy"]
[Result "0-1"]
[WhiteElo "1971"]
[BlackElo "2232"]
[TimeControl "180+2"]
[EndTime "15:16:28 PDT"]
[Termination "Vadim_Biliy won on time"]

1. e4 d6 2. d4 Nf6 3. Nc3 g6 4. Nf3 Bg7 5. h3 O-O 6. Be3 c6 7. a4 a5 8. Bc4 d5 9. exd5 Nxd5 10.
Nxd5 cxd5 11. Bd3 Nc6 12. c3 f6 13. O-O Be6 14. Re1 Qd7 15. Bf4 Kh8 16. Re2 Bg8 17. Qb3 Rae8 18. Rae1 e6 19. Qb6 Re7 20. b4 Ra8 21.
Bb5 g5 22. Bg3 h5 23. bxa5 g4 24. hxg4 hxg4 25. Nh4 Bh7 26. a6 Rxa6 27. Bxa6 bxa6 28. Qxa6 Nd8 29. Qb5 Qa7 30. a5 Bh6 31. Qb6 Qxb6 32. axb6 Bd3 33. Bc7 Bxe2 34. Bxd8 Rd7 35. Bxf6+ Bg7 36.
Bxg7+ Kxg7 37. Rxe2 Kf6 38. Rb2 Rb7 39. g3 e5 40. dxe5+ Kxe5 41. Ng2 Ke4 42. Ne3 Kd3 43. Nxd5 Kc4 44. Ne3+ Kxc3 45. Rb3+ Kxb3 46. Nxg4 Rxb6 47.
Kg2 Kc4 48. f4 Kd5 49. Kf3 Rb3+ 50. Kg2 Ke4 51. Nf2+ Kf5 52. Kh2 Rb2 53. Kg2 Ra2 54. Kf3 Ra3+ 55. Kg2 Rb3 56. Kh2 Kg6 57. Kh3 Rf3 58. Ng4 Kf5 59. Nh6+ Kg6 60. Ng4 Rf1 61. Ne3 Rf3 0-1

[Event "*** Titled Tuesday Blitz"]
[Site "Chess.com"]
[Date "2019.07.02"]
[Round "10"]
[White "wnstop"]
[Black "Oleksandr_Bortnyk"]
[Result "0-1"]
[WhiteElo "2686"]
[BlackElo "2940"]
[TimeControl "180+2"]
[EndTime "15:16:29 PDT"]
[Termination "Oleksandr_Bortnyk won by checkmate"]

1. e4 Nf6 2. e5 Nd5 3. d4 d6 4. Nf3 dxe5 5. Nxe5 c6 6. Be2 Bf5 7. O-O Nd7 8. Nf3 e6 9. c4 N5f6 10. Nc3 Bd6 11. Nh4 Bg6 12. g3 O-O 13. Nxg6 hxg6 14. Be3 Re8 15. Qb3 Qc7 16. Rfe1 a5 17.
Rad1 Rad8 18. Bg5 Ra8 19. Bf1 a4 20. Qc2 a3 21. b3 e5 22. dxe5 Nxe5 23. Bg2 Bb4 24.
Re2 Qa5 25. Ne4 Neg4 26. Bxf6 Nxf6 27. Nxf6+ gxf6 28. Rd7 Qf5 29. Qxf5 gxf5 30. Bf3 Rxe2 31. Bxe2 Re8 32. Kf1 b6 33. h4 Kg7 34. Rd3 Kg6 35.
Rf3 Re5 36. Rd3 Bc5 37. Bf3 Re6 38. Rd8 Bb4 39. Be2 Re4 40. Rd1 Kg7 41. Bf3 Re6 42. Be2 f4 43. g4 Re8 44. Bf3 c5 45.
Kg2 Re7 46. Kf1 Bc3 47. Kg2 Bd4 48. Kf1 Re8 49. Re1 Rh8 50. h5 Be5 51. Rd1 Bd4 52.
Be4 Re8 53. f3 Kh6 54. Kg2 Kg5 55. Rh1 Kh6 56. Kf1 Rd8 57. Ke2 Re8 58. Rd1 f5 59.
gxf5 Rg8 60. Kd3 Rg2 61. Rd2 Rg1 62. Bd5 Kxh5 63. Bxf7+ Kg5 64. Bd5 Kxf5 65. Be4+ Kf6 66. Rh2 Ra1 67. Rh6+ Kg5 68. Rh2 Bb2 69. Rg2+ Kf6 70.
Rg6+ Ke5 71. Rxb6 Rxa2 72. Ra6 Bc1 73. Ra5 Kd6 74. Ra6+ Kd7 75. Kc3 Bd2+ 76. Kd3 Bb4 77.
Ra7+ Kd6 78. Ra6+ Ke5 79. Bd5 Rd2# 0-1

[Event "*** Titled Tuesday Blitz"]
[Site "Chess.com"]
[Date "2019.07.02"]
[Round "10"]
[White "Supernotar"]
[Black "Bagirova"]
[Result "1-0"]
[WhiteElo "2583"]
[BlackElo "1933"]
[TimeControl "180+2"]
[EndTime "15:16:52 PDT"]
[Termination "Supernotar won on time"]

1. d4 Nf6 2. c4 e6 3. Nf3 c5 4. d5 exd5 5. cxd5 d6 6. Nc3 g6 7. Nd2 Bg7 8. g3 O-O 9. Bg2 a6 10. a4 Re8 11. O-O Nbd7 12. h3 Rb8 13. a5 Qc7 14. Nc4 Ne5 15. Ne3 b5 16. axb6 Rxb6 17.
f4 Ned7 18. Nc4 Rb4 19. Na5 Rd4 20. Qc2 Nb6 21. Nc6 Nbxd5 22. Nxd4 cxd4 23. Bxd5 dxc3 24. Bg2 Bf5 25. Qxc3 Qb6+ 26. e3 Nd5 27. Qc4 Nxe3 28. Bxe3 Qxe3+ 29. Kh2 Bd3 30. Qc6 Bxf1 31. Rxf1 Bxb2 32.
Qxa6 Bd4 33. Qxd6 Re6 34. Qd7 Re7 35. Qd8+ Re8 36. Qd7 Re7 37. Qd5 Bc3 38. Rf3 Qe1 39. Rxc3 Qxc3 40. Qd8+ Kg7 41. Qxe7 Qd2 42. Qe5+ Kg8 43.
f5 gxf5 44. Qxf5 Qe3 45. Qg4+ Kf8 46. Qf3 Qd2 47. h4 Kg7 48. Qf4 Qb2 49. Qg5+ Kf8 50. Kh3 Qa1 51. Qh5 Qe1 52. Qxh7 Qe6+ 53. Kh2 Qg4 54.
Qh8+ Ke7 55. Qe5+ Kf8 56. Qf4 Qd1 57. g4 Qd8 58. g5 Qd1 59. g6 Qd7 60. h5 Kg7 61.
Qe5+ f6 62. Qf4 Qb5 63. Be4 1-0

[Event "*** Titled Tuesday Blitz"]
[Site "Chess.com"]
[Date "2019.07.02"]
[Round "10"]
[White "moro182"]
[Black "iturrizaga"]
[Result "0-1"]
[WhiteElo "2801"]
[BlackElo "2948"]
[TimeControl "180+2"]
[EndTime "15:16:53 PDT"]
[Termination "iturrizaga won by resignation"]

1. d4 Nf6 2. c4 e6 3. Nc3 Bb4 4. e3 O-O 5. Bd3 c5 6. Nf3 d5 7. O-O b6 8. cxd5 exd5 9. a3 Bxc3 10. bxc3 Ba6 11. Bxa6 Nxa6 12. Qa4 Qc8 13. Ne5 Re8 14. f3 Nb8 15. Bd2 Nbd7 16. Nd3 Qc7 17. Rac1 c4 18.
Nf2 a6 19. Qc2 Qc6 20. Rce1 b5 21. e4 Nb6 22. e5 Nfd7 23. f4 f6 24. Re3 fxe5 25.
dxe5 Nc5 26. f5 Rad8 27. f6 Rd7 28. Rh3 Ne4 29. Ng4 Qe6 30. Rh4 Na4 31. Rf4 Nac5 32. Be3 Nd3 33. Rf1 Nxe5 34. Nxe5 Qxe5 35. Bd4 Qg5 36.
Rhf4 gxf6 37. Qe2 Rg7 38. h3 Rg6 39. Rg4 Qh6 40. Qf3 Rxg4 41. Qxg4+ Qg6 42. Qd7 Qf7 43. Qg4+ Kf8 44. Qh4 Re6 45. Rf5 Rd6 46. Qf4 Ke8 47.
g4 Qe6 48. Bxf6 Nxf6 49. Re5 Ke7 50. g5 Nd7 51. Rxe6+ Rxe6 52. Qf5 Nf8 53. h4 Rd6 54. h5 d4 55. cxd4 c3 56. Qe5+ Ne6 57. Qf6+ Ke8 58.
Qh8+ Kd7 59. Qxh7+ Kc8 60. Qd3 Rc6 61. Qc2 Nxd4 62.
Qe4 c2 63. Qe8+ Kb7 64. Qd7+ Kb8 65. Qd8+ Kb7 66. Qd7+ Rc7 67. Qd5+ Kc8 68. Qa8+ Kd7 69. Qd5+ Ke7 70. Qe5+ Ne6 71. Qf6+ Kd6 0-1

[Event "*** Titled Tuesday Blitz"]
[Site "Chess.com"]
[Date "2019.07.02"]
[Round "10"]
[White "ChessQueen"]
[Black "Witik"]
[Result "1/2-1/2"]
[WhiteElo "2591"]
[BlackElo "2532"]
[TimeControl "180+2"]
[EndTime "15:16:57 PDT"]
[Termination "Game drawn by agreement"]

1. Nf3 d5 2. g3 c6 3. Bg2 Bg4 4. O-O Nd7 5. d4 e6 6. h3 Bh5 7. c4 Ngf6 8. cxd5 exd5 9. Qb3 Nb6 10. Nc3 Be7 11. a4 a5 12. Ne5 O-O 13. f4 c5 14.
g4 cxd4 15. Nb5 Bg6 16. f5 Bc5 17. Nd3 Be7 18. Bf4 Ne4 19. Nc7 Nc4 20. Nxa8 Ncd2 21.
Qxb7 Nxf1 22. Rxf1 Bh4 23. fxg6 hxg6 24. Nc7 g5 25. Be5 Ng3 26. Rf3 Nxe2+ 27. Kf1 Nf4 28. Nxf4 gxf4 29. Qxd5 Qb8 30. Rb3 Qc8 31. Be4 Rd8 32.
Qc4 Qd7 33. Rd3 Qe7 34. Rxd4 Qxe5 35. Rxd8+ Bxd8 36. Nb5 Qxb2 37. Qc8 Qf6 38. Nc3 g6 39. Nd5 Qa1+ 40. Ke2 Qb2+ 41. Kf3 Qa3+ 42. Qc3 Qd6 43.
Nxf4 Bf6 44. Qc8+ Kg7 45. Qc2 Bg5 46. Ne2 Bf6 47. Qd3 Qb4 48. Qe3 Qxa4 49. g5 Bb2 50. Bd5 Qh4 51. Kg2 a4 52. Qf4 Qxf4 53. Nxf4 a3 54.
Ba2 Bc1 55. Kf3 f6 56. Ne6+ Kf7 57. Nc7+ Kg7 58. Ne8+ Kf8 59. Nxf6 Ke7 60. Ne4 Kf8 61. h4 Kg7 62. Kg4 Bb2 63. Nc5 Bc1 64. Ne6+ Kh7 65.
Bb1 Kg8 66. Nc7 Kf7 67. Nb5 Bb2 68. Nd6+ Kg7 69. Ne4 Kf7 70. Nf2 Kg7 71. Nd3 Bc3 72. Nf4 Bb2 73. h5 gxh5+ 74. Nxh5+ Kf7 75. Kf5 Ke7 76. Ba2 Kd6 77. Nf6 Ke7 78. g6 Bxf6 79. Ke4 Bg7 1/2-1/2

[Event "*** Titled Tuesday Blitz"]
[Site "Chess.com"]
[Date "2019.07.02"]
[Round "10"]
[White "vanea_03"]
[Black "KamilPlichta"]
[Result "1/2-1/2"]
[WhiteElo "2667"]
[BlackElo "2774"]
[TimeControl "180+2"]
[EndTime "15:18:15 PDT"]
[Termination "Game drawn - insufficient material"]

1. d4 g6 2. e4 Bg7 3. Nf3 c5 4. c3 Qa5 5. Nbd2 cxd4 6. cxd4 Nf6 7. Bd3 d5 8. e5 Ne4 9. O-O Nxd2 10. Bxd2 Qd8 11. b4 O-O 12. b5 Bg4 13. h3 Bxf3 14.
Qxf3 e6 15. Qe2 Nd7 16. a4 Qh4 17. Be3 Bh6 18. Rac1 Rfc8 19. Kh2 Bxe3 20. fxe3 Qd8 21. Qd2 Rxc1 22. Rxc1 Rc8 23. Rxc8 Qxc8 24. a5 b6 25. a6 f6 26. exf6 Qc7+ 27. Kg1 Nxf6 28. Qf2 Kg7 29. g3 Qc3 30. Qe2 Ne8 31. Kf2 Nd6 32. h4 Kf6 33.
g4 h6 34. Qf3+ Kg7 35. Qf4 Nf7 36. Be2 e5 37. dxe5 Qxe5 38. Bd3 g5 39. hxg5 hxg5 40. Qf5 Qxf5+ 41. Bxf5 Kf6 42. Ke2 Nd6 43. Bd7 Ke5 44. Kd3 Ne4 45. Bf5 Nc5+ 46. Kc3 Ne4+ 47. Kd3 Nf6 48.
Kc3 Ng8 49. Kd3 Nh6 50. Bc8 Nf7 51. Bf5 Kd6 52. Kd4 Ne5 53. e4 Nf3+ 54. Ke3 dxe4 55. Kxe4 Nh4 56. Bc8 Ng6 57. Bf5 Ne7 58. Bh7 Kc5 59.
Ke5 Kxb5 60. Kf6 Nd5+ 61. Kxg5 Kxa6 62. Kf5 Kb5 63. g5 Kc5 64. Ke5 Ne7 65. Ke6 Nd5 66. Be4 Nf4+ 67. Kf5 Nh5 68. Bf3 Ng7+ 69. Kf6 Ne8+ 70.
Ke7 Ng7 71. Kf6 Ne8+ 72. Kf7 Nd6+ 73. Ke6 a5 74. g6 Ne8 75. Ke7 Ng7 76. Kf7 a4 77.
Kxg7 a3 78. Kh7 a2 79. g7 a1=Q 80. g8=Q Qf6 81. Qd5+ Kb4 82. Be4 b5 83. Bd3 Qe7+ 84. Kg6 Qc5 85. Qe4+ Kc3 86. Be2 b4 87. Qd3+ Kb2 88.
Qd2+ Ka3 89. Bd1 b3 90. Bxb3 Qb6+ 91. Kf5 Qxb3 92. Qf4 Qc2+ 93. Qe4 Qxe4+ 94. Kxe4 1/2-1/2

[Event "*** Titled Tuesday Blitz"]
[Site "Chess.com"]
[Date "2019.07.02"]
[Round "10"]
[White "David_Paravyan"]
[Black "DerSchachaffe"]
[Result "1-0"]
[WhiteElo "2870"]
[BlackElo "2450"]
[TimeControl "180+2"]
[EndTime "15:18:33 PDT"]
[Termination "David_Paravyan won by checkmate"]

1. d4 Nf6 2. c4 g6 3. Nc3 d5 4.
cxd5 Nxd5 5. e4 Nxc3 6. bxc3 Bg7 7. Nf3 c5 8. Rb1 O-O 9. Be2 cxd4 10. cxd4 Qa5+ 11.
Bd2 Qxa2 12. O-O Bg4 13. Be3 Nc6 14. Rxb7 Rab8 15. Rc7 Rfc8 16. Rxc8+ Rxc8 17. h3 Bxf3 18. Bxf3 Rd8 19. d5 Ne5 20. Qc1 a5 21. Qc7 Re8 22.
Bg5 Kf8 23. h4 a4 24. h5 Nxf3+ 25. gxf3 gxh5 26. Rd1 Qe2 27. Rc1 Qxf3 28. Bf4 Bd4 29. Bg3 Qxe4 30. d6 exd6 31. Qxd6+ Kg8 32. Kh2 h4 33.
Bf4 Bxf2 34. Rc3 Qg6 35. Qd1 Bd4 36. Rf3 Be5 37. Bxe5 Rxe5 38. Qd8+ Kg7 39. Qd4 Qg5 40. Rf4 Qg3+ 41. Kh1 Qe1+ 42. Kh2 Qg3+ 43. Kh1 Qe1+ 44.
Kh2 f6 45. Qd7+ Re7 46. Qg4+ Kf7 47. Qh5+ Ke6 48. Qf5+ Kf7 49. Qxf6+ Ke8 50. Qc6+ Rd7 51. Re4+ Qxe4 52. Qxe4+ Kd8 53. Qxa4 Ke8 54. Kh3 Kd8 55. Kxh4 Re7 56. Kg5 Rd7 57. Kf6 Kc7 58. Ke6 Rd6+ 59. Ke5 Rd7 60. Qa7+ Kd8 61. Qb8+ Ke7 62. Qh8 Rc7 63.
Qxh7+ Kd8 64. Qg8+ Kd7 65. Qe6+ Kd8 66. Qg8+ Kd7 67. Qg4+ Kc6 68. Qa4+ Kc5 69. Qa3+ Kc6 70. Ke6 Rc8 71. Qa6+ Kc7 72. Qd6+ Kb7 73. Kd7 Rb8 74.
Qc6+ Ka7 75. Qa4+ Kb6 76. Qb4+ Ka7 77. Qa5+ Kb7 78. Qa1 Kb6 79. Qd4+ Kb7 80. Qc5 Ka8 81. Qa3+ Kb7 82. Qa5 Ra8 83. Qb5+ Ka7 84. Kc7 Rc8+ 85. Kxc8 Ka8 86. Qb7# 1-0

[Event "*** Titled Tuesday Blitz"]
[Site "Chess.com"]
[Date "2019.07.02"]
[Round "10"]
[White "WPWPWP-2015"]
[Black "andrzej"]
[Result "0-1"]
[WhiteElo "2377"]
[BlackElo "2323"]
[TimeControl "180+2"]
[EndTime "15:18:35 PDT"]
[Termination "andrzej won by resignation"]

1. e4 c5 2. Nf3 e6 3. d4 cxd4 4. Nxd4 d6 5. Nc3 a6 6. Be3 b5 7.
a4 b4 8. Na2 Nf6 9. Bd3 Bb7 10.
f3 d5 11. e5 Nfd7 12. f4 Bc5 13. c3 bxc3 14. bxc3 Qb6 15. Rb1 Qa7 16. Qb3 Bc6 17.
Nb4 Qc7 18. O-O O-O 19. Rf3 a5 20. Nbc2 Na6 21. Bb5 Bxb5 22. axb5 Nab8 23. Qb2 Nb6 24. Qc1 a4 25. Bf2 a3 26. Qd1 a2 27. Ra1 Nc4 28. Rh3 g6 29. Bh4 Be7 30. Bxe7 Qxe7 31. Qg4 Nd2 32. Nb4 Ne4 33. Qd1 Rc8 34. Qb3 Qc5 35.
Rxa2 Rxa2 36. Nxa2 Nd7 37. Rd3 Nb6 38. h3 Nc4 39.
Kh2 Qb6 40. Nc1 Nc5 41. Qc2 Nxd3 42. Qxd3 Na3 43. Nce2 Rb8 44. h4 Nxb5 45. h5 Nxd4 46.
Nxd4 Rc8 47. Qg3 Qc5 48. Ne2 Qe7 49. h6 Rc4 50. Qg4 Re4 51. Ng3 Re3 52. Nh5 Rxc3 53.
Nf6+ Kh8 54. Qd1 Rc8 55. Qa4 Rd8 56. Qd4 Qf8 57. Ng4 Rc8 58. Qa7 Ra8 59. Qb7 Rd8 60. Qa6 d4 61. Qd3 Qe7 62. Kh3 Qa7 63. Nf6 Qc5 64.
Ne4 Qc6 65. Kg4 Qd5 66. Nd6 Qxg2+ 67. Kh4 Qh2+ 68. Kg4 Qh5+ 69. Kg3 Rf8 70. Qxd4 Qxh6 71. Qa7 Qg7 72. Qe7 Kg8 73. Ne8 Rxe8 74. Qxe8+ Qf8 75. Qd7 Kg7 76. Qc7 h6 77. Kg4 Qe8 78. Qc5 Qd8 79. Qa3 g5 80. Qb4 gxf4 81. Qxf4 Qe7 82. Kh5 Qg5+ 83.
Qxg5+ hxg5 84. Kxg5 Kg8 85. Kh6 Kh8 86. Kh5 Kh7 87.
Kg5 Kg7 88. Kh5 f6 89. exf6+ Kxf6 90. Kg4 Ke5 91. Kf3 Kd4 92. Kf2 Kd3 0-1

[Event "*** Titled Tuesday Blitz"]
[Site "Chess.com"]
[Date "2019.07.02"]
[Round "10"]
[White "Hikaru"]
[Black "Padenie_Zvezd"]
[Result "1/2-1/2"]
[WhiteElo "3145"]
[BlackElo "2759"]
[TimeControl "180+2"]
[EndTime "15:18:37 PDT"]
[Termination "Game drawn by agreement"]

1. Nf3 Nf6 2. b3 g6 3. Bb2 Bg7 4. d4 O-O 5. e3 b6 6. c4 Bb7 7.
Qc2 d6 8. Nc3 Nbd7 9. Rd1 Qe8 10. Be2 e5 11. dxe5 Nxe5 12. Nxe5 dxe5 13. Nd5 Rd8 14. Ba3 c5 15. e4 Bxd5 16. cxd5 Qd7 17.
O-O a5 18. Bb2 Ne8 19. f4 exf4 20. Bxg7 Nxg7 21. Rxf4 Qd6 22. Rf2 f5 23. Bd3 fxe4 24. Bxe4 Rxf2 25. Qxf2 Rf8 26. Qg3 Ne8 27. Qc3 Nf6 28. Bf3 Re8 29. h3 Kg7 30. Rf1 Qe5 31. Qxe5 Rxe5 32. d6 Re8 33. g4 h6 34. h4 Rd8 35.
Rd1 Kf7 36. g5 hxg5 37. hxg5 Nh7 38. Bd5+ Kg7 39. Bc6 Nxg5 40. d7 Kf6 41. Rd6+ Kf5 42. Bb5 Nf3+ 43. Kf2 Nd4 44. Bd3+ Ke5 45. Rxb6 Rxd7 46.
Bxg6 Ra7 47. Be8 Ra8 48. Ba4 Rf8+ 49. Ke1 Ke4 50. Rh6 Kd3 51. Rh3+ Kc2 52. b4+ Kb2 53. bxc5 Nf3+ 54. Rxf3 Rxf3 55. Bb3 Rc3 56. Kd2 Rxc5 57. Bg8 Rc8 58. Bf7 Rf8 59. Bc4 Rd8+ 60. Ke2 a4 61.
Bf7 Rd7 62. Bc4 a3 63. Bg8 Kc1 64. Bb3 Rd2+ 65. Ke3 Rb2 66. Bg8 Rd2 67. Bb3 Rh2 68. Bf7 Rh3+ 69. Ke2 Kc2 70. Bg6+ Kc3 71. Bf7 Rh2+ 72.
Kd1 Rf2 73. Bg8 Rf8 74. Bb3 Rb8 75. Bf7 Rb1+ 76. Ke2 Rb7 77. Bg8 Rd7 78. Bb3 Rd8 79.
Bf7 Kc2 80. Bb3+ Kc1 81. Bf7 Rh8 82. Bc4 Kb1 83. Bf7 Rf8 84. Bc4 Rc8 85. Bf7 Rc3 86.
Kd2 Rf3 87. Bd5 Rf2+ 88. Kc3 Rc2+ 89. Kd3 Kc1 90. Bb3 Rg2 91. Bf7 Kb1 92. Bd5 Rg1 93. Kc3 Rg3+ 94. Kd2 Rg7 95. Bb3 Rc7 96. Bg8 Rc8 97. Bf7 Rc2+ 98. Kd3 Rf2 99. Bg8 Kc1 1/2-1/2

[Event "*** Titled Tuesday Blitz"]
[Site "Chess.com"]
[Date "2019.07.02"]
[Round "10"]
[White "Lunaticx"]
[Black "ckgchess"]
[Result "1/2-1/2"]
[WhiteElo "2872"]
[BlackElo "2731"]
[TimeControl "180+2"]
[EndTime "15:19:01 PDT"]
[Termination "Game drawn by 50-move rule"]

1. e4 c5 2. Nf3 d6 3. d4 cxd4 4. Nxd4 Nf6 5. Nc3 a6 6. Bg5 e6 7. f4 Qb6 8. Qd3 Qxb2 9. Rb1 Qa3 10. f5 Nc6 11. fxe6 fxe6 12. Nxc6 bxc6 13. Be2 Be7 14. Bh5+ Nxh5 15. Bxe7 Nf4 16. Qd4 e5 17. Qxe5 Qc1+ 18. Rxc1 Nxg2+ 19. Kf2 dxe5 20. Kxg2 Kxe7 21. Rb1 Rd8 22. Na4 Rd2+ 23. Kf3 Ra7 24. Rbc1 c5 25. Ke3 Rd4 26. Rhg1 g6 27. Nxc5 Rc7 28. Nd3 Bb7 29.
Rg4 Rcc4 30. Rb1 Rxe4+ 31. Rxe4 Rxe4+ 32. Kd2 Bd5 33. Rb6 Rd4 34. Ke3 Re4+ 35. Kd2 Rh4 36. Nxe5 Rxh2+ 37. Kd3 Bxa2 38. Rxa6 Be6 39. Nc6+ Ke8 40.
Nd4 Rh3+ 41. Ke4 Bd7 42. c4 g5 43. c5 Rc3 44. Kd5 g4 45. Ra8+ Ke7 46. Ra7 Ke8 47. c6 Bxc6+ 48. Nxc6 h5 49. Rh7 Rh3 50. Ke6 Re3+ 51.
Ne5 Kd8 52. Kd6 Kc8 53. Rc7+ Kd8 54. Ra7 Kc8 55. Rc7+ Kd8 56. Rg7 Kc8 57. Rg5 g3 58.
Rxh5 Kb7 59. Rg5 Ka6 60. Kc5 g2 61. Nc4 Re2 62. Kc6 Ka7 63. Na3 Re6+ 64. Kd5 Re2 65. Nc4 Kb7 66. Rg7+ Ka6 67. Kc5 Rc2 68. Rg6+ Kb7 69. Kd5 Rf2 70. Ne3 Re2 71. Nxg2 Kc7 72. Nf4 Rd2+ 73. Ke5 Rd1 74. Nd5+ Kb7 75. Kd6 Rd2 76.
Rg1 Rd3 77. Rb1+ Kc8 78. Kc6 Rd2 79. Ra1 Rc2+ 80. Kd6 Rd2 81. Ra7 Rd1 82. Rg7 Rd2 83.
Rg1 Kb7 84. Kc5 Rc2+ 85. Kd6 Rd2 86. Rg3 Rd1 87. Rb3+ Kc8 88. Rc3+ Kb7 89. Rc7+ Ka6 90. Rc5 Kb7 91. Rb5+ Kc8 92. Ra5 Kb7 93. Ra4 Kc8 94. Rc4+ Kb7 95. Kc5 Rd2 96. Rc1 Kc8 97. Kb6+ Kd7 98.
Kc5 Ke6 99. Re1+ Kf5 100. Ne3+ Kg6 101. Nc4 Rd8 102. Nd6 Ra8 103. Kd5 Ra5+ 104. Ke6 Kg5 105. Re4 Ra6 106. Rb4 Rc6 107. Ke5 Rc5+ 108. Ke4 Ra5 109. Nc4 Ra1 110. Rb5+ Kf6 111. Rb6+ Kg5 112. Nd2 Ra4+ 113. Kf3 Ra3+ 114. Kf2 Ra2 115. Rd6 Kf4 116. Rd8 Rb2 117. Ke2 Ra2 118. Rf8+ Ke5 119. Kd3 Ke6 120. Ne4 Ra3+ 121. Kd4 1/2-1/2